 Dungeon Crawl Stone Soup version 0.25-a0-565-g8875c97ebb (webtiles) character file.

Game seed: 2040227548430015345, levelgen mode: deterministic

133 MisterFreud the Changer (level 5, 0/33 HPs)
             Began as an Octopode Transmuter on Feb 26, 2020.
             Slain by a bat (1 damage)
             ... on level 2 of the Dungeon.
             The game lasted 00:03:25 (2071 turns).

MisterFreud the Changer (Octopode Transmuter)       Turns: 2071, Time: 00:03:26

Health: 0/33       AC:  1    Str:  9    XL:     5   Next: 16%
Magic:  9/9        EV: 13    Int: 16    God:
Gold:   152        SH:  0    Dex: 13    Spells: 7/10 levels left

rFire    . . .     SeeInvis .     - Unarmed
rCold    . . .     Gourm    .   (no shield)
rNeg     . . .     Faith    .   (helmet restricted)
rPois    .         Spirit   .   (no amulet)
rElec    .         Reflect  .   (no ring)
rCorr    .         Harm     .   (no ring)
MR       .....                  (no ring)
Stlth    ++........             (no ring)
HPRegen  0.11/turn              (no ring)
MPRegen  0.11/turn              (no ring)
                                (no ring)
                                (no ring)

@: lethally poisoned (0 -> 0)
A: almost no armour, stealthy swim, amphibious, 8 rings, constrict 8, camouflage
1, gelatinous body 1
a: no special abilities


You were on level 2 of the Dungeon.
You were not hungry.

You visited 1 branch of the dungeon, and saw 3 of its levels.

You collected 152 gold pieces.

Inventory:

Missiles
 a - 66 arrows
Scrolls
 d - 3 scrolls of magic mapping {unknown}
 e - a scroll of identify {unknown}
 f - a scroll of remove curse {unknown}
Comestibles
 b - 5 chunks of flesh
 c - 3 rations


   Skills:
 - Level 1.0 Fighting
 - Level 2.0 Dodging
 - Level 3.0 Unarmed Combat
 + Level 3.1 Spellcasting
 * Level 4.4 Transmutations


You had 7 spell levels left.
You knew the following spells:

 Your Spells              Type           Power        Failure   Level  Hunger
a - Beastly Appendage     Tmut           ###...       3%          1    None
b - Sticks to Snakes      Tmut           ###.....     4%          2    ##.....

Your spell library contained the following spells:

 Spells                   Type           Power        Failure   Level  Hunger
 Spider Form              Tmut/Pois      #.........   22%         3    ###....
 Ice Form                 Ice/Tmut       #.......     58%         4    ####...
 Blade Hands              Tmut           ###.......   63%         5    ######.


Dungeon Overview and Level Annotations

Branches:
Dungeon (3/15)

Altars:


Innate Abilities, Weirdness & Mutations

You cannot wear most types of armour.
You are very stealthy in the water. (Stealth+)
You are amphibious.
You can wear up to eight rings at the same time.
You can use your tentacles to constrict eight enemies at once.
Your skin changes colour to match your surroundings (Stealth+).
Your rubbery body absorbs attacks. (AC +1, EV +1)


Message History

You constrict the worm. The worm bites you!
* * * LOW HITPOINT WARNING * * *
You tentacle-slap the worm.
The worm is almost dead.
You constrict the worm.
You kill the worm!
The bat misses you. The bat closely misses you.
You tentacle-slap the bat but do no damage.
You grab the bat. You constrict the bat.
You feel sick. The bat hits you.
* * * LOW HITPOINT WARNING * * *
The bat struggles to escape constriction.
The bat escapes!
You aren't carrying any items that you can evoke.
Unknown command.
You aren't carrying any potions.
Unknown command.
You aren't carrying any potions.
The bat hits you.
You die...

..# #.# #.# ##
### #.# #.## #
.####
####.#####..#
# .....#
#.....÷.....#
# ......#
#.####......##
....... #.#
##....♣..#
....... #.#
#..P♣P♣..#
.......###.#
#.......##
.......).b@#
##.....##
.......#####
#...#.#
......#
#.###.# ......
#...#.# .....
###...# .....
###.# .... ###
....


You could see a bat.

Vanquished Creatures
  A crimson imp (D:2)
  4 adders (D:2)
  3 worms (D:2)
  A dart slug (D:1)
  2 leopard geckos
  2 giant cockroaches
  11 goblins
  5 hobgoblins
  4 jackals (D:2)
  5 kobolds
  2 ball pythons
  5 bats
  6 frilled lizards
  4 rats
55 creatures vanquished.

Notes
Turn   | Place    | Note
-------+----------+-------------------------------------------
     0 | D:1      | MisterFreud the Octopode Transmuter began the quest for the
                  | Orb.
     0 | D:1      | Reached XP level 1. HP: 13/13 MP: 3/3
   315 | D:1      | Reached XP level 2. HP: 13/18 MP: 3/5
   705 | D:1      | Learned a level 2 spell: Sticks to Snakes
   725 | D:1      | Reached skill level 3 in Transmutations
   728 | D:1      | Reached XP level 3. HP: 21/23 MP: 6/6
  1540 | D:2      | Reached XP level 4. HP: 17/28 MP: 8/8
  1678 | D:2      | Reached skill level 4 in Transmutations
  1942 | D:2      | Reached XP level 5. HP: 27/33 MP: 9/9
  2070 | D:2      | HP: 1/33 [bat (1)]
  2071 | D:2      | Slain by a bat

Levels and vault maps discovered:
D:1:      ncdulo_lavacross, layout_loops_ring
D:2:      layout_rooms, serial_park_tiny_2
D:3:      layout_basic, gammafunk_temple_overflow_pools, portal_sewer_entry_e,
          uniq_robin

Skill      XL: |  1  2  3  4 |
---------------+-------------+-----
Transmutations | 3 4 |  4.4
Spellcasting   | 3 |  3.1
Fighting       | |  1.0
Dodging        | |  2.0
Unarmed Combat | |  3.0

Action                   |  1- 3 |  4- 6 || total
-------------------------+-------+-------++-------
Melee: Unarmed           |    98 |    53 ||   151
       Kick              |     2 |       ||     2
       Constrict         |    24 |    12 ||    36
       Tentacles         |    15 |    10 ||    25
       Punch             |     3 |     1 ||     4
 Cast: Beastly Appendage |     5 |       ||     5
       Sticks to Snakes  |     1 |       ||     1
 Stab: Sleeping          |     7 |       ||     7
  Eat: Chunk             |     2 |     2 ||     4
Armor: Skin              |     6 |     6 ||    12
Dodge: Dodged            |    49 |    30 ||    79

Table legend:
 A = Non-vault XP
 B = Vault XP
 C = Vault XP percentage of total XP
 D = Non-vault monster count
 E = Vault monster count
 F = Vault count percentage of total count
                 A         B        C        D         E       F
            +---------+---------+-------+---------+---------+-------
      Total |     190 |       0 |   0.0 |      55 |       0 |   0.0
            +---------+---------+-------+---------+---------+-------
        D:1 |      45 |       0 |   0.0 |      26 |       0 |   0.0
        D:2 |     145 |       0 |   0.0 |      29 |       0 |   0.0
            +---------+---------+-------+---------+---------+-------
